 Dungeon Crawl Stone Soup version 0.30-a0-1116-gebefce21f7 (webtiles) character file.

Game seed: 12287305896500365186

233 qeuew the Conjurer (level 6, -4/37 HPs)
             Began as a Gargoyle Reaver on Apr 21, 2023.
             Killed from afar by a steam dragon (17 damage)
             ... with a ball of steam
             ... on level 4 of the Dungeon.
             The game lasted 00:03:40 (2978 turns).

qeuew the Conjurer (Gargoyle Reaver)                Turns: 2978, Time: 00:03:42

Health: -4/37      AC: 10    Str: 25    XL:     6   Next: 4%
Magic:  17/18      EV: 11    Int: 12    God:
Gold:   185        SH:  0    Dex:  7    Spells: 7/10 levels left

rFire   . . .      SeeInvis .    a - +1 mace (vamp)
rCold   . . .      Faith    .    (no shield)
rNeg    + . .      Spirit   .    m - +3 leather armour of the Hall of Blades {Will+ rCorr Str+3}
rPois   ∞          Reflect  .    (no helmet)
rElec   +          Rampage  .    (no cloak)
rCorr   +                        (no gloves)
Will    +....                    (no boots)
Stlth   +                        (no amulet)
HPRegen 0.26/turn                b - ring of magical power
MPRegen 0.16/turn                (no ring)

@: immotile
A: sickness immunity, AC +4, negative energy resistance 1, electricity
resistance, torment resistance 1, petrification resistance, claws 1, strong 1
a: no special abilities


You were on level 4 of the Dungeon.
You visited 1 branch of the dungeon, and saw 4 of its levels.

You collected 185 gold pieces.

Inventory:

Hand Weapons
 a - a +1 vampiric mace (weapon)
Armour
 m - the +3 leather armour of the Hall of Blades (worn) {Will+ rCorr Str+3}
   (You found it on level 3 of the Dungeon)

   Str:       It affects your strength (+3).
   rCorr:     It protects you from acid and corrosion.
   Will:      It increases your willpower.
Jewellery
 b - a ring of magical power (left claw)
Wands
 o - a wand of mindburst (20)
Scrolls
 c - a scroll of identify
 g - a scroll of fear
 l - a scroll of enchant weapon
Potions
 d - 2 potions of curing
 e - a potion of brilliance {unknown}
 i - a potion of might


   Skills:
 + Level 3.0 Fighting
 * Level 3.9 Maces & Flails
 * Level 2.7 Armour
 + Level 2.2 Dodging
 + Level 2.5 Spellcasting
 * Level 4.3 Conjurations
 + Level 0.5 Evocations


You had 7 spell levels left.
You knew the following spells:

 Your Spells              Type           Power      Damage    Failure   Level
a - Kiss of Death         Conj/Necr      24%        2d7       12%         1
b - Momentum Strike       Conj/Tloc      12%        3d8       19%         2

Your spell library contained the following spells:

 Spells                   Type           Power      Damage    Failure   Level
 Hailstorm                Conj/Ice       6%         3d4       34%         3
 Volatile Blastmotes      Fire/Tloc      2%         2d10      65%         3
 Fulminant Prism          Conj/Hex       3%         3d5       75%         4
 Iskenderun's Mystic Bla  Conj/Tloc      6%         2d4       75%         4
 Lee's Rapid Deconstruct  Erth           0%         3d4*      100%        5


Dungeon Overview and Level Annotations

Branches:
Dungeon (4/15)
 Temple: D:4-7

Altars:


Innate Abilities, Weirdness & Mutations

You are immune to sickness and miasma.
Your stone body is resilient. (AC +4)
You are immune to poison.
You resist negative energy. (rN+)
You are resistant to electric shocks. (rElec)
You are resistant to unholy torment.
You are immune to petrification.
You have sharp fingernails.
Your muscles are strong. (Str +4, Int/Dex -1)


Message History

You closely miss the orc wizard.
The orc wizard is severely wounded.
The orc wizard closely misses you.
You hit the orc wizard.
The orc wizard is severely wounded.
The orc wizard hits you but does no damage.
The orc wizard closely misses you.
You bump into the rock wall.
You feel less confused.
The orc wizard hits you but does no damage.
You sock the orc wizard!
You kill the orc wizard!
Aiming: Momentum Strike (safe; 19% risk of failure)
Press: ? - help, Q - select action, (/) - cycle Dir - move target, f - steam dragon
Aim: a steam dragon (68% to hit)
The concentrated momentum hits the steam dragon.
The steam dragon is lightly wounded.
You are unable to move.
The steam dragon bites you but does no damage.
The steam dragon closely misses you.
You hit the steam dragon.
You feel better.
The steam dragon is moderately wounded.
The steam dragon breathes steam at you. The ball of steam misses you.
You hit the steam dragon but do no damage.
The steam dragon is moderately wounded.
You are engulfed in a cloud of scalding steam.
The steam dragon misses you.
The steam dragon claws you but does no damage.
You hit the steam dragon but do no damage.
The steam dragon is moderately wounded.
You are engulfed in a cloud of scalding steam.
The steam dragon closely misses you. The steam dragon claws you.
You hit the steam dragon.
You feel better.
The steam dragon is moderately wounded.
You are engulfed in a cloud of scalding steam.
The steam dragon bites you. The steam dragon barely misses you.
The steam dragon breathes steam at you. The ball of steam hits you!
You die...

.##....#.# #.# ....####)#
#.# ###.#....########.#
#.#..........##.##########
#............##..........#
###..........##..........#
###........##..........#
##########§.....>....#
#@########### #D# ##o#
###oh# . ###...##
oh.D####h..###
...o§.o..### $....#####
o..


You could see a steam dragon (catching breath), a hound and 2 orcs.

Vanquished Creatures
  A hound (D:3)
  3 orc wizards (D:4)
  5 adders
  2 worms
  3 dart slugs
  10 orcs
  4 ball pythons
  6 endoplasms
  3 giant cockroaches
  7 hobgoblins
  9 jackals
  4 kobolds
  A quokka (D:1)
  3 bats
  2 frilled lizards (D:1)
  9 goblins
  2 rats (D:1)
74 creatures vanquished.

Notes
Turn   | Place    | Note
-------+----------+-------------------------------------------
     0 | D:1      | qeuew the Gargoyle Reaver began the quest for the Orb.
     0 | D:1      | Reached XP level 1. HP: 12/12 MP: 3/3
    90 | D:1      | Reached XP level 2. HP: 16/17 MP: 5/5
   541 | D:1      | Reached skill level 1 in Armour
   605 | D:1      | Reached XP level 3. HP: 17/22 MP: 6/6
  1376 | D:2      | Reached XP level 4. HP: 25/27 MP: 7/7
  1893 | D:2      | Learned a level 2 spell: Momentum Strike
  2109 | D:3      | Identified the +3 leather armour of the Hall of Blades
                  | {Will+ rCorr Str+3}
  2405 | D:3      | Reached skill level 4 in Conjurations
  2405 | D:3      | Reached XP level 5. HP: 28/32 MP: 8/8
  2467 | D:3      | Gained mutation: You have sharp fingernails. [potion of
                  | mutation]
  2467 | D:3      | Gained mutation: Your muscles are strong. (Str +4, Int/Dex
                  | -1) [potion of mutation]
  2834 | D:4      | Reached XP level 6. HP: 37/37 MP: 9/9
  2955 | D:4      | Noticed a steam dragon
  2978 | D:4      | Killed from afar by a steam dragon

Illustrated notes

Levels and vault maps discovered:
D:1:      reono_arrival_mine, layout_loops_corners
D:2:      layout_basic
D:3:      layout_rooms
D:4:      layout_basic

Skill      XL: |  1  2  3  4  5 |
---------------+----------------+-----
Armour         | 1 2 |  2.7
Dodging        | 2 |  2.2
Conjurations   | 4 |  4.3
Fighting       | 3 |  3.0
Maces & Flails | |  3.9
Spellcasting   | |  2.5
Evocations     | |  0.5

Action                     |  1- 3 |  4- 6 || total
---------------------------+-------+-------++-------
  Melee: Mace              |   130 |   176 ||   306
         Punch             |     2 |     2 ||     4
   Cast: Momentum Strike   |       |     1 ||     1
    Use: Scroll            |     3 |     5 ||     8
         Potion            |       |     6 ||     6
 Armour: Leather armour    |    49 |   100 ||   149
  Dodge: Dodged            |   100 |   105 ||   205

Table legend: (Time is in decaauts)
 A = Elapsed time spent in this place.
 B = Non-inter-level travel time spent in this place.
 C = Inter-level travel time spent in this place.
 D = Time resting spent in this place.
 E = Time spent auto-exploring this place.
 F = Levels seen in this place.
 G = Mean time per level.
                   A        B        C        D        E       F      G
               +--------+--------+--------+--------+--------+-----+--------+
         Total |   3041 |   2921 |    120 |      0 |   2279 |   4 |  760.2 |
       Dungeon |   3041 |   2921 |    120 |      0 |   2279 |   4 |  760.2 |
               +--------+--------+--------+--------+--------+-----+--------+

Top non-repeatable levels by time:
     D:1: 1046 daAuts
     D:2: 950 daAuts
     D:3: 533 daAuts
     D:4: 510 daAuts
